 Dungeon Sprint DCSS version 0.27-a0-789-g6bb3289e1e (webtiles) character file.

Game seed: 7751688879252391831

55800 mhtbhm the Shatterer (level 14, 0/172 HPs)
             Began as a Troll Berserker on Mar 27, 2021.
             Was the Champion of Trog.
             Slain by a spriggan berserker
             ... wielding a +0 war axe
              (41 damage)
             ... in the Dungeon (Sprint IX: "|||||||||||||||||||||||||||||").
             The game lasted 00:11:47 (2850 turns).

mhtbhm the Shatterer (Troll Berserker)              Turns: 2850, Time: 00:11:48

Health: 0/172      AC:  9    Str: 43    XL:     14   Next: 39%
Magic:  13/13      EV: 16    Int:  9    God:    Trog [******]
Gold:   0          SH:  0    Dex: 13    Spells: 13/13 levels left

rFire    . . .     SeeInvis .   a - +7 giant spiked club (vorpal)
rCold    . . .     Faith    .   (shield currently unavailable)
rNeg     . . .     Spirit   .   b - +1 troll leather armour "Alia" {Regen+ Dex+4}
rPois    .         Reflect  .   (helmet restricted)
rElec    .         Harm     .   s - +0 cloak {rCorr}
rCorr    +         Rampage  .   (gloves unavailable)
Will     +....     NoTele   +   (boots unavailable)
Stlth    ++........             (no amulet)
HPRegen  2.38/turn              l - ring "Gysow" {*Contam Str+5 Int+6}
MPRegen  0.13/turn              w - +6 ring of strength

@: berserk cooldown, slowed, very slow
A: large, unfitting armour, claws 3, regeneration 1, shaggy fur 1, tough skin 1
a: Renounce Religion, Berserk, Trog's Hand, Brothers in Arms


You were in the Dungeon.
You worshipped Trog.
Trog was exalted by your worship.
You visited 1 branch You collected 1930 gold pieces.
You spent 1930 gold pieces at shops.

Inventory:

Hand Weapons
 a - a +7 vorpal giant spiked club (weapon)
 B - a +3 eveningstar of flaming
 E - the +5 morningstar "Xaokh" {vorpal, rN++}
   (Trog gifted it to you in the Dungeon)

   It inflicts extra damage upon your enemies.
   It greatly protects you from negative energy.
Missiles
 r - 7 javelins
 z - 12 large rocks (quivered)
 D - 3 throwing nets
Armour
 b - the +1 troll leather armour "Alia" (worn) {Regen+ Dex+4}
   (You found it in the Dungeon)

   It affects your dexterity (+4).
   It increases your rate of regeneration.
 s - a +0 cloak of preservation (worn)
 A - a +1 tower shield
Jewellery
 l - the ring "Gysow" (right claw) {*Contam Str+5 Int+6}
   (You acquired it in the Dungeon)

   [ring of intelligence]

   It affects your strength (+5).
   It affects your intelligence (+6).
   It causes magical contamination when unequipped.
 q - a ring of protection from cold
 t - a ring of poison resistance
 w - a +6 ring of strength (left claw)
 y - a ring of see invisible
Wands
 j - a wand of iceblast (5)
Scrolls
 h - 2 scrolls of blinking
 o - 4 scrolls of fog
 p - 2 scrolls of enchant weapon
 u - 4 scrolls of enchant armour
 v - a scroll of magic mapping
 x - a scroll of identify
Potions
 c - 6 potions of curing
 d - a potion of heal wounds
 e - 3 potions of haste
 f - 4 potions of magic
 g - 2 potions of berserk rage
 i - a potion of invisibility
 m - a potion of resistance
 n - a potion of might
 C - a potion of cancellation {unknown}


   Skills:
 + Level 19.4 Fighting
 + Level 22.5 Maces & Flails
 + Level 0.2 Throwing
 + Level 7.4 Armour
 + Level 14.5 Dodging
 - Level 2.4 Stealth
 - Level 1.1 Unarmed Combat
 + Level 2.7 Evocations


You had 13 spell levels left.
You didn't know any spells.
Your spell library was empty.

Dungeon Overview and Level Annotations

Branches:
Dungeon (1/1)

Altars:
Cheibriados
Dithmenos
Elyvilon
Fedhas
Gozag
Hepliaklqana
Kikubaaqudgha
Makhleb
Nemelex Xobeh
Okawaru
Qazlal
Ru
Sif Muna
Trog
Uskayaw
Vehumet
Wu Jian
Xom
Yredelemnul
Zin
The Shining One
Beogh
Jiyva
Lugonu

Shops:
D =[?[


Innate Abilities, Weirdness & Mutations

You are too large for most types of armour.
You have claws for hands.
Your natural rate of healing is unusually fast.
You are covered in fur. (AC +1)
You have tough skin. (AC +1)


Message History

Unknown command.
Your stone giant barely misses the spriggan berserker.
The spriggan berserker hits your stone giant with a +0 war axe!!
Your stone giant hits the spriggan berserker.
The spriggan berserker hits your stone giant with a +0 war axe!
Your stone giant hits the spriggan berserker!!
The spriggan berserker hits your stone giant with a +0 war axe!!
Your stone giant completely misses the spriggan berserker.
The spriggan berserker hits your stone giant with a +0 war axe.
Unknown command.
Your stone giant hits the spriggan berserker.
The spriggan berserker hits your stone giant with a +0 war axe!!
Your stone giant dies!
Your stone giant's corpse disappears in a puff of smoke!
The spriggan berserker rages.
Unknown command.
You feel much better.
The spriggan berserker hits you with a +0 war axe!! x2
Unknown command.
You feel much better.
The spriggan berserker hits you with a +0 war axe.
The spriggan berserker barely misses you.
The spriggan berserker hits you with a +0 war axe!
Unknown command.
Okay, then.
As you read the scroll of fear, it crumbles to dust.
You assume a fearsome visage.
The spriggan berserker resists with almost no effort.
The spriggan berserker completely misses you.
The spriggan berserker barely misses you.
Okay, then.
Blink to where?
Press: ? - help, Dir - move target
As you read the scroll of blinking, it crumbles to dust.
The spriggan berserker hits you with a +0 war axe!!
Your deep troll goes berserk!
The spriggan berserker hits you with a +0 war axe!
* * * LOW HITPOINT WARNING * * *
The spriggan berserker hits you with a +0 war axe!!!
You die...

▓▓▓▓▓▓▓▓▓▓▓▓▓▓▓▓▓▓
▓.i.....)).(.[[(.)
▓@▓▓▓▓▓▓▓▓▓▓▓▓▓▓▓▓
▓.T...............
▓▓▓▓▓▓▓▓▓▓▓▓▓▓▓▓▓▓
▓...............')
▓.▓▓▓▓▓▓▓▓▓▓▓▓▓▓▓▓
▓.................
▓▓▓▓▓▓▓▓▓▓▓▓▓▓▓▓▓▓
▓.........'.....))
▓.▓▓▓▓▓▓▓▓▓▓▓▓▓▓▓▓


You could see a spriggan berserker (berserk, regenerating, strong-willed, ally
target) and a friendly deep troll (summoned, berserk).

Vanquished Creatures
  Rupert (D)
  A sphinx (D)
  Donald (D)
  Kirke (D)
  A fire giant (D)
  An emperor scorpion (D)
  A stone giant (D)
  Azrael (D)
  3 dire elephants (D)
  2 ettins (D)
  An eleionoma (D)
  A fire dragon (D)
  Josephine (D)
  A great orb of eyes (D)
  Harold (D)
  A hydra (D)
  A rakshasa (D)
  2 naga warriors (D)
  A centaur warrior (D)
  An alligator snapping turtle (D)
  An anaconda (D)
  4 ogre magi (D)
  Urug (D)
  A deep troll shaman (D)
  A shock serpent (D)
  Sonja (D)
  An iron troll (D)
  A sea snake (D)
  A goliath frog (D)
  A skeletal warrior (D)
  2 deep trolls (D)
  2 spriggan druids (D)
  2 flayed ghosts (D)
  3 swamp dragons (D)
  2 wolf spiders (D)
  A mana viper (D)
  2 ugly things (D)
  3 cyclopes (D)
  4 elephants (D)
  A manticore (D)
  A moth of wrath (D)
  A guardian serpent (D)
  Maurice (D)
  3 black mambas (D)
  A merfolk siren (D)
  2 cane toads (D)
  A komodo dragon (D)
  2 merfolk (D)
  A jumping spider (D)
  A bloated husk (D)
  A meliai (D)
  A wind drake (D)
  6 trolls (D)
  A polar bear (D)
  3 wraiths (D)
  2 water elementals (D)
  2 hogs (D)
  A redback (D)
  A yak (D)
  Eustachio (D)
  A basilisk (shapeshifter) (D)
  2 basilisks (D)
  3 fire elementals (D)
  A vampire mosquito (D)
  4 water moccasins (D)
  A black bear (D)
  11 orc warriors (D)
  A wolf (D)
  A centaur (D)
  A bullfrog (D)
  A scorpion (D)
  2 wights (D)
  A howler monkey (D)
  A jelly (D)
  2 orc priests (D)
  2 orc wizards (D)
  An adder (D)
  A white imp (D)
  8 orcs (D)
  2 bats (D)
  A giant cockroach (D)
  A giant cockroach zombie (D)
  A goblin (D)
  A rat (D)
143 creatures vanquished.

Vanquished Creatures (collateral kills)
  A stone giant (D)
  A very ugly thing (D)
  An ettin (D)
  A great orb of eyes (D)
  A hydra (D)
  A deep troll earth mage (D)
  A death knight (D)
  A death yak (D)
  A tengu warrior (D)
  A hell knight (D)
  A vampire mage (D)
  2 orc knights (D)
  2 elephants (D)
  A demonic crawler (D)
  A jumping spider (D)
  2 redbacks (D)
  A tarantella (D)
  A basilisk (D)
  4 orc warriors (D)
  A bullfrog (D)
26 creatures vanquished.

Vanquished Creatures (others)
  An ogre mage (D)
  A hog (D)
2 creatures vanquished.

Grand Total: 171 creatures vanquished

Notes
Turn   | Place    | Note
-------+----------+-------------------------------------------
     0 | D        | mhtbhm the Troll Berserker began the quest for the Orb.
     0 | D        | Reached XP level 1. HP: 22/22 MP: 0/0
     8 | D        | Reached skill level 3 in Maces & Flails
     8 | D        | Reached ** piety under Trog
   110 | D        | Noticed a jelly
   110 | D        | Noticed a scorpion
   115 | D        | Killed a jelly
   116 | D        | Reached skill level 4 in Maces & Flails
   116 | D        | Reached XP level 2. HP: 32/32 MP: 1/1
   116 | D        | Reached XP level 3. HP: 39/39 MP: 2/2
   118 | D        | Reached *** piety under Trog
   120 | D        | Killed a scorpion
   121 | D        | Reached skill level 5 in Maces & Flails
   121 | D        | Reached XP level 4. HP: 49/49 MP: 3/3
   154 | D        | Found a snail-covered altar of Cheibriados.
   154 | D        | Found a shadowy altar of Dithmenos.
   154 | D        | Found a white marble altar of Elyvilon.
   154 | D        | Found a blossoming altar of Fedhas.
   154 | D        | Found an opulent altar of Gozag.
   155 | D        | Found a hazy altar of Hepliaklqana.
   156 | D        | Found a viscous altar of Jiyva.
   157 | D        | Found an ancient bone altar of Kikubaaqudgha.
   158 | D        | Found a corrupted altar of Lugonu.
   159 | D        | Found a burning altar of Makhleb.
   160 | D        | Found a sparkling altar of Nemelex Xobeh.
   161 | D        | Found an iron altar of Okawaru.
   162 | D        | Found a stormy altar of Qazlal.
   163 | D        | Found a sacrificial altar of Ru.
   164 | D        | Found a shimmering blue altar of Sif Muna.
   165 | D        | Found a bloodstained altar of Trog.
   166 | D        | Found a hide-covered altar of Uskayaw.
   167 | D        | Found a radiant altar of Vehumet.
   168 | D        | Found an ornate altar of the Wu Jian Council.
   169 | D        | Found a shimmering altar of Xom.
   170 | D        | Found a basalt altar of Yredelemnul.
   171 | D        | Found a glowing silver altar of Zin.
   172 | D        | Found a glowing golden altar of the Shining One.
   201 | D        | Noticed a yak
   201 | D        | Noticed an orc warrior
   204 | D        | Reached **** piety under Trog
   205 | D        | Reached skill level 5 in Fighting
   205 | D        | Reached skill level 6 in Maces & Flails
   205 | D        | Reached skill level 5 in Dodging
   205 | D        | Reached XP level 5. HP: 57/57 MP: 4/4
   206 | D        | Reached skill level 7 in Maces & Flails
   223 | D        | Killed a yak
   223 | D        | Reached ***** piety under Trog
   224 | D        | Reached skill level 8 in Maces & Flails
   224 | D        | Reached XP level 6. HP: 56/68 MP: 5/5
   231 | D        | Killed an orc warrior
   232 | D        | Reached skill level 9 in Maces & Flails
   249 | D        | Noticed a death knight
   249 | D        | Noticed a skeletal warrior
   249 | D        | Noticed a troll
   249 | D        | Noticed a manticore
   249 | D        | Noticed a troll
   254 | D        | Killed a death knight
   255 | D        | Reached skill level 10 in Maces & Flails
   255 | D        | Reached XP level 7. HP: 50/79 MP: 6/6
   259 | D        | Noticed a basilisk
   269 | D        | Killed a skeletal warrior
   270 | D        | Reached skill level 11 in Maces & Flails
   270 | D        | Reached XP level 8. HP: 62/89 MP: 7/7
   277 | D        | Killed a troll
   282 | D        | Killed a manticore
   282 | D        | Received a gift from Trog
   283 | D        | Reached skill level 12 in Maces & Flails
   289 | D        | Reached XP level 9. HP: 17/100 MP: 8/8
   392 | D        | Noticed Josephine
   407 | D        | Reached skill level 13 in Maces & Flails
   417 | D        | Killed Josephine
   418 | D        | Reached skill level 10 in Fighting
   418 | D        | Reached skill level 1 in Armour
   423 | D        | Reached skill level 10 in Dodging
   423 | D        | Reached skill level 1 in Stealth
   503 | D        | Got the +0 robe of Wofeam {rC+ Regen+}
   525 | D        | Noticed a cane toad
   525 | D        | Noticed a cane toad
   528 | D        | Noticed a komodo dragon
   531 | D        | Reached skill level 14 in Maces & Flails
   533 | D        | Killed a cane toad
   533 | D        | Received a gift from Trog
   548 | D        | Killed a cane toad
   549 | D        | Reached XP level 10. HP: 70/111 MP: 9/9
   743 | D        | Noticed an elephant
   745 | D        | Noticed a six-headed hydra
   747 | D        | Reached ****** piety under Trog
   747 | D        | Received a gift from Trog
   748 | D        | Reached skill level 15 in Maces & Flails
   757 | D        | Noticed a death yak
   772 | D        | Killed an elephant
   775 | D        | Killed a six-headed hydra
   776 | D        | Killed a death yak
   778 | D        | Identified the +7 giant club "Plojy" {vorpal, Int+4} (Trog
                  | gifted it to you in the Dungeon)
   778 | D        | Received a gift from Trog
   825 | D        | Noticed a dire elephant
   825 | D        | Noticed a dire elephant
   825 | D        | Noticed an elephant
   825 | D        | Noticed an elephant
   825 | D        | Noticed an elephant
   825 | D        | Noticed an elephant
   826 | D        | Noticed a dire elephant
   829 | D        | Killed a dire elephant
   834 | D        | Killed a dire elephant
   835 | D        | Reached skill level 16 in Maces & Flails
   835 | D        | Reached XP level 11. HP: 106/123 MP: 10/10
   847 | D        | Killed a dire elephant
   858 | D        | Received a gift from Trog
   928 | D        | Noticed Sonja
   931 | D        | Noticed Urug
   932 | D        | Killed Sonja
   933 | D        | Reached skill level 17 in Maces & Flails
   939 | D        | Killed Urug
   972 | D        | Noticed Maurice
   988 | D        | Killed Maurice
   988 | D        | Received a gift from Trog
  1083 | D        | Received a gift from Trog
  1319 | D        | Noticed an orc knight
  1338 | D        | Killed an orc knight
  1340 | D        | Received a gift from Trog
  1381 | D        | Found Oloaling's Jewellery Emporium.
  1381 | D        | Noticed an ogre mage
  1381 | D        | Noticed an ogre mage
  1381 | D        | Noticed a deep troll
  1383 | D        | Noticed a deep troll
  1389 | D        | Killed an ogre mage
  1390 | D        | Reached skill level 18 in Maces & Flails
  1396 | D        | Killed an ogre mage
  1397 | D        | Found Jiosoi's Antique Armour Shoppe.
  1399 | D        | Killed a deep troll
  1399 | D        | Received a gift from Trog
  1400 | D        | Reached XP level 12. HP: 137/137 MP: 11/11
  1404 | D        | Reached skill level 1 in Evocations
  1412 | D        | Noticed an ogre mage
  1422 | D        | Noticed a stone giant
  1423 | D        | Killed an ogre mage
  1429 | D        | Noticed an ogre mage
  1430 | D        | Killed a stone giant
  1439 | D        | Killed an ogre mage
  1439 | D        | Received a gift from Trog
  1440 | D        | Reached skill level 19 in Maces & Flails
  1490 | D        | Found Pyuppu's Magic Scroll Emporium.
  1494 | D        | Found Toalyvva's Antique Armour Shoppe.
  1563 | D        | Bought an embroidered cloak for 172 gold pieces
  1565 | D        | Bought a ring of poison resistance for 260 gold pieces
  1569 | D        | Bought a scroll of acquirement for 624 gold pieces
  1569 | D        | Bought a scroll of magic mapping for 42 gold pieces
  1573 | D        | Bought a +6 ring of strength for 760 gold pieces
  1579 | D        | Bought a scroll of fog for 24 gold pieces
  1579 | D        | Bought a scroll of identify for 24 gold pieces
  1579 | D        | Bought a scroll of fog for 24 gold pieces
  1594 | D        | Acquired the ring "Gysow" {*Contam Str+5 Int+6}
  1653 | D        | Noticed Eustachio
  1658 | D        | Killed Eustachio
  1726 | D        | Got the +1 troll leather armour "Alia" {Regen+ Dex+4}
  1761 | D        | Noticed a centaur warrior
  1761 | D        | Noticed an ogre mage
  1771 | D        | Received a gift from Trog
  1775 | D        | Killed a centaur warrior
  1776 | D        | Noticed a fire giant
  1779 | D        | Noticed a great orb of eyes
  1783 | D        | Noticed a tengu warrior
  1788 | D        | Killed an ogre mage
  1789 | D        | Reached skill level 15 in Fighting
  1789 | D        | Noticed a rakshasa
  1791 | D        | Killed a fire giant
  1791 | D        | Received a gift from Trog
  1799 | D        | Killed a rakshasa
  1800 | D        | Noticed an ettin
  1807 | D        | Killed a great orb of eyes
  1807 | D        | Received a gift from Trog
  1808 | D        | Killed a tengu warrior
  1810 | D        | Killed an ettin
  1866 | D        | Reached skill level 20 in Maces & Flails
  1938 | D        | Noticed Rupert
  1946 | D        | Killed Rupert
  1947 | D        | Reached skill level 5 in Armour
  1947 | D        | Reached XP level 13. HP: 132/152 MP: 12/12
  2022 | D        | Received a gift from Trog
  2031 | D        | Received a gift from Trog
  2256 | D        | Received a gift from Trog
  2318 | D        | Noticed an eleionoma
  2324 | D        | Killed an eleionoma
  2324 | D        | Identified the +8 quarterstaff of Heagueg {vorpal, rPois
                  | rF- Dex+7 Stlth+} (Trog gifted it to you in the Dungeon)
  2324 | D        | Received a gift from Trog
  2325 | D        | Reached skill level 21 in Maces & Flails
  2326 | D        | Noticed Donald
  2336 | D        | Received a gift from Trog
  2344 | D        | Killed Donald
  2352 | D        | Noticed an emperor scorpion
  2418 | D        | Killed an emperor scorpion
  2479 | D        | Received a gift from Trog
  2607 | D        | Noticed Azrael
  2619 | D        | Noticed Kirke
  2620 | D        | Killed Azrael
  2621 | D        | Reached XP level 14. HP: 102/170 MP: 13/13
  2640 | D        | Killed Kirke
  2640 | D        | Received a gift from Trog
  2686 | D        | Noticed Harold
  2695 | D        | Killed Harold
  2696 | D        | Reached skill level 1 in Unarmed Combat
  2757 | D        | Noticed a sphinx
  2767 | D        | Killed a sphinx
  2767 | D        | Received a gift from Trog
  2768 | D        | Reached skill level 22 in Maces & Flails
  2774 | D        | Noticed a green very ugly thing
  2787 | D        | Noticed a stone giant
  2796 | D        | Killed a green very ugly thing
  2797 | D        | Received a gift from Trog
  2802 | D        | Killed a stone giant
  2829 | D        | Identified the +5 morningstar "Xaokh" {vorpal, rN++} (Trog
                  | gifted it to you in the Dungeon)
  2829 | D        | Received a gift from Trog
  2850 | D        | Slain by a spriggan berserker

Illustrated notes

Levels and vault maps discovered:
D:        linesprint [early_d, line_temple, items_1, d_10, items_2, lair_1,
          lair_end, items_3, orc_1, orc_end, items_4, d_15, swamp_1, shoals_1,
          snake_1, spider_1, d_20, vaults_1, items_5, swamp_end, shoals_end,
          snake_end, spider_end, vaults_end, d_27, items_6, zot_1, zot_end,
          crypt_end, forest_end, elf_end, slime_end, tomb_end, abyss_end,
          pan_hell_end]

Skill      XL: |  1  2  3  4  5  6  7  8  9 10 11 12 13 14 |
---------------+-------------------------------------------+-----
Maces & Flails | 4 5 6 8 10 11 12 14 16 18 20 21 22 | 22.5
Fighting       | 3 4 5 6 7 8 9 10 12 13 16 18 19 | 19.4
Dodging        | 3 4 5 6 7 8 9 10 11 12 13 14 | 14.5
Armour         | 2 3 5 6 7 |  7.4
Stealth        | 1 2 |  2.4
Evocations     | 2 |  2.7
Unarmed Combat | 1 |  1.1
Throwing       | |  0.2

Action                   |  1- 3 |  4- 6 |  7- 9 | 10-12 | 13-15 || total
-------------------------+-------+-------+-------+-------+-------++-------
Melee: Mace              |    23 |     5 |       |       |       ||    28
       Dire flail        |       |    27 |    74 |    46 |       ||   147
       Giant club        |       |       |       |   179 |    94 ||   273
       Giant spiked club |       |       |       |       |    64 ||    64
       Unarmed           |       |       |       |       |     9 ||     9
Throw: Large rock        |       |       |       |       |     1 ||     1
Invok: Berserk           |     1 |     1 |     3 |     8 |     9 ||    22
       Brothers in Arms  |       |     1 |       |     4 |     4 ||     9
Evoke: Wand              |       |       |       |     5 |     3 ||     8
  Use: Potion            |       |     2 |       |     4 |     4 ||    10
       Scroll            |       |       |       |     2 |     4 ||     6
Armor: Animal skin       |    11 |     7 |     4 |       |       ||    22
       Troll leather arm |       |       |     1 |     3 |    22 ||    26
       Robe              |       |       |       |    17 |       ||    17
Dodge: Dodged            |     9 |    14 |    29 |   122 |    66 ||   240

Table legend: (Time is in decaauts)
 A = Elapsed time spent in this place.
 B = Non-inter-level travel time spent in this place.
 C = Inter-level travel time spent in this place.
 D = Time resting spent in this place.
 E = Time spent auto-exploring this place.
 F = Levels seen in this place.
 G = Mean time per level.
                   A        B        C        D        E       F      G
               +--------+--------+--------+--------+--------+-----+--------+
         Total |   2852 |   2852 |      0 |   1084 |    427 |   1 | 2852.0 |
       Dungeon |   2852 |   2852 |      0 |   1084 |    427 |   1 | 2852.0 |
               +--------+--------+--------+--------+--------+-----+--------+

Top non-repeatable levels by time:
       D: 2852 daAuts
